 Dungeon Crawl Stone Soup version 0.23.2-1-ga50397a (webtiles) character file.

Game seed: 2589118162755202980

268 Fang the Skirmisher (level 6, -2/39 HPs)
             Began as a Gargoyle Berserker on May 1, 2019.
             Was a Believer of Trog.
             Killed from afar by an orc wizard (7 damage)
             ... with a puff of flame
             ... on level 3 of the Dungeon.
             The game lasted 00:03:06 (2052 turns).

Fang the Skirmisher (Gargoyle Berserker)            Turns: 2052, Time: 00:03:07

Health: -2/39      AC:  6    Str: 23    XL:     6   Next: 21%
Magic:  6/6        EV: 12    Int:  7    God:    Trog [**....]
Gold:   102        SH:  0    Dex:  9    Spells: 5/5 levels left

rFire    . . .     SeeInvis .   f - +1 hand axe (freeze)
rCold    . . .     Gourm    .   (no shield)
rNeg     + . .     Faith    .   b - +0 animal skin
rPois    ∞         Spirit   .   (no helmet)
rElec    +         Reflect  .   (no cloak)
rCorr    .         Harm     .   (no gloves)
MR       .....                  (no boots)
Stlth    +.........             (no amulet)
HPRegen  0.13/turn              (no ring)
MPRegen  0.10/turn              (no ring)

@: berserk cooldown, slowed, very slow
A: negative energy resistance 1, electricity resistance, unbreathing,
petrification resistance, rot immunity, AC +4
a: Berserk, Trog's Hand, Renounce Religion


You were on level 3 of the Dungeon.
You worshipped Trog.
Trog was pleased with you.
You were hungry.

You visited 1 branch of the dungeon, and saw 3 of its levels.

You collected 102 gold pieces.

Inventory:

Hand Weapons
 a - a +0 hand axe
 f - a +1 hand axe of freezing (weapon)
Armour
 b - a +0 animal skin (worn)
Jewellery
 m - an uncursed ring of positive energy {unknown}
Wands
 o - a wand of flame (17)
Scrolls
 d - a scroll of random uselessness {unknown}
 k - 3 scrolls of identify {unknown}
 l - a scroll of magic mapping {unknown}
Potions
 e - a potion of mutation {unknown}
 h - 2 potions of heal wounds {unknown}
 i - 2 potions of lignification {unknown}
 j - 2 potions of magic {unknown}
 n - a potion of might {unknown}
 p - a potion of brilliance {unknown}
Comestibles
 c - 7 rations
 g - 3 chunks of flesh


   Skills:
 + Level 4.6 Fighting
 + Level 3.8 Axes
 + Level 3.9 Armour
 + Level 2.9 Dodging


You had 5 spell levels left.
You didn't know any spells.
Your spell library was empty.

Dungeon Overview and Level Annotations

Branches:
Dungeon (3/15)

Altars:


Innate Abilities, Weirdness & Mutations

You are resistant to torment.
Your stone body is resilient. (AC +4)
You are immune to poison.
You resist negative energy. (rN+)
You are resistant to electric shocks. (rElec)
You can survive without breathing.
You are immune to petrification.
You are immune to rotting.


Message History

You slash the orc wizard! You freeze the orc wizard.
The orc wizard is heavily wounded.
You hit the plant but do no damage. You closely miss the orc wizard.
The orc wizard is heavily wounded.
You hit the plant. You freeze the plant.
You are no longer berserk.
You are exhausted.
You feel yourself slow down. The orc wizard closely misses you.
You hit the orc wizard. You freeze the orc wizard.
The orc wizard is severely wounded.
You hit the plant but do no damage. The orc wizard completely misses you.
The orc wizard casts a spell at you. You resist with some effort.
You closely miss the orc wizard.
The orc wizard is severely wounded.
You hit the plant but do no damage.
The orc wizard gestures at you while chanting.
The puff of flame hits you!
You die...

#....(..# .# #
####.......##.######
#######
...........)........
#.#....).
####....)...#####..
.......÷#
#......).#####..♣♣
..#.#...÷
#(...(.).##.. .♣.♣
#.#.# ########.##.#
P.P♣♣ #.#.)
#.##.##PP.P♣ # ###
#.))..@oP.P♣ #
####.###..PP ##
#.... #.... #.
#....# ... #. ...##♣
. #. ..... ) #>
.##.## .. #. .# #.
.> #. #.### #÷


You could see an orc wizard.

Vanquished Creatures
  An orc priest (D:3)
  Crazy Yiuf (D:2)
  Ijyb (D:3)
  Jessica (D:2)
  Terence (D:2)
  An orc wizard (D:3)
  4 adders
  A worm (D:3)
  A dart slug (D:2)
  6 leopard geckos
  7 orcs
  7 bats
  4 giant cockroaches
  3 goblins
  3 hobgoblins (D:2)
  8 kobolds
  5 frilled lizards
  8 rats
63 creatures vanquished.

Notes
Turn   | Place    | Note
-------+----------+-------------------------------------------
     0 | D:1      | Fang the Gargoyle Berserker began the quest for the Orb.
     0 | D:1      | Reached XP level 1. HP: 14/14 MP: 1/1
   134 | D:1      | Reached XP level 2. HP: 16/19 MP: 2/2
   631 | D:2      | Reached XP level 3. HP: 21/23 MP: 3/3
   680 | D:2      | Noticed Jessica
   692 | D:2      | Killed Jessica
   721 | D:2      | Reached XP level 4. HP: 29/29 MP: 4/4
   759 | D:2      | Reached ** piety under Trog
   784 | D:2      | Noticed Terence
   803 | D:2      | Killed Terence
   803 | D:2      | Reached skill level 4 in Fighting
  1097 | D:2      | Reached XP level 5. HP: 14/33 MP: 5/5
  1314 | D:2      | Found a runed translucent door.
  1315 | D:2      | Noticed Crazy Yiuf
  1682 | D:2      | Killed Crazy Yiuf
  1877 | D:3      | Noticed Ijyb
  1889 | D:3      | Killed Ijyb
  1979 | D:3      | Reached XP level 6. HP: 21/39 MP: 6/6
  2052 | D:3      | Killed from afar by an orc wizard

Skill      XL: |  1  2  3  4 |
---------------+-------------+-----
Dodging        | 2 |  2.9
Axes           | 3 |  3.8
Armour         | 3 |  3.9
Fighting       | 4 |  4.6

Action                   |  1- 3 |  4- 6 || total
-------------------------+-------+-------++-------
Melee: Hand axe          |    61 |   150 ||   211
Invok: Berserk           |       |     5 ||     5
  Eat: Chunk             |       |     8 ||     8
Armor: Animal skin       |    23 |    43 ||    66
Dodge: Dodged            |    34 |    73 ||   107
